 Dungeon Crawl Stone Soup version 0.21.1-1-g345015f (webtiles) character file.

1224 shakethe the Firebug (level 8, 0/57 HPs)
             Began as a Hill Orc Fire Elementalist on Feb 6, 2018.
             Slain by an orc
             ... wielding a +0 club
              (3 damage)
             ... on level 4 of the Dungeon.
             The game lasted 00:32:26 (7329 turns).

shakethe the Firebug (Hill Orc Fire Elementalist)   Turns: 7329, Time: 00:32:27

Health: 0/57       AC:  3    Str: 16    XL:     8   Next: 47%
Magic:  5/14       EV: 12    Int: 17    God:
Gold:   263        SH:  5    Dex: 11    Spells: 2/15 levels left

rFire    . . .     SeeInvis .   s - +0 hand axe
rCold    . . .     Gourm    .   g - +1 buckler
rNeg     . . .     Faith    +   a - +0 robe
rPois    .         Spirit   .   (no helmet)
rElec    .         Reflect  .   (no cloak)
rCorr    .         Harm     .   (no gloves)
MR       .....                  o - +0 pair of boots {run}
Stlth    ++........             x - amulet of faith
HPRegen  0.19/turn              (no ring)
MPRegen  0.14/turn              (no ring)

@: mighty, very slightly contaminated, quick
A: no striking features
a: no special abilities


You were on level 4 of the Dungeon.
You were not hungry.

You visited 1 branch of the dungeon, and saw 4 of its levels.

You collected 263 gold pieces.

Inventory:

Hand Weapons
 d - a +0 club
 s - a +0 hand axe (weapon)
 z - a +2 falchion of holy wrath
Armour
 a - a +0 robe (worn)
 g - a +1 buckler (worn)
 l - a +0 large shield
 o - a +0 pair of boots of running (worn)
 p - a +0 chain mail
 u - a +0 shield
 w - a cursed +0 chain mail
Jewellery
 x - an amulet of faith (around neck)
Wands
 t - a wand of paralysis (9)
Scrolls
 e - 2 scrolls of remove curse
 f - 3 scrolls of fog
 i - a scroll of enchant armour
 j - 6 scrolls of identify
 q - a scroll of amnesia {unknown}
 v - 4 scrolls of teleportation {unknown}
 B - a scroll of immolation {unknown}
 C - a scroll of enchant weapon {unknown}
Potions
 h - a potion of agility {unknown}
 k - a potion of might
 m - a potion of invisibility {unknown}
 n - a potion of heal wounds {unknown}
 r - 2 potions of brilliance {unknown}
 A - 2 potions of mutation {unknown}
Books
 b - a book of Flames

   Spells                             Type                      Level
   a - Flame Tongue                   Conjuration/Fire             1
   b - Throw Flame                    Conjuration/Fire             2
   c - Conjure Flame                  Conjuration/Fire             3
   d - Inner Flame                    Hexes/Fire                   3
   e - Sticky Flame                   Conjuration/Fire             4
   f - Fireball                       Conjuration/Fire             5
 y - a book of Changes

   Spells                             Type                      Level
   a - Beastly Appendage              Transmutation                1
   b - Sticks to Snakes               Transmutation                2
   c - Spider Form                    Transmutation/Poison         3
   d - Ice Form                       Ice/Transmutation            4
   e - Blade Hands                    Transmutation                5
 D - a book of Misfortune

   Spells                             Type                      Level
   a - Confusing Touch                Hexes                        1
   b - Confuse                        Hexes                        3
   c - Gell's Gravitas                Translocation                3
   d - Petrify                        Transmutation/Earth          4
   e - Metabolic Englaciation         Hexes/Ice                    5
   f - Yara's Violent Unravelling     Hexes/Transmutation          5
Comestibles
 c - 9 rations
 E - a chunk of flesh


   Skills:
 - Level 1.5 Dodging
 - Level 1.5 Stealth
 - Level 4.0 Shields
 + Level 4.2 Spellcasting
 + Level 5.1 Conjurations
 + Level 6.6 Fire Magic


You had 2 spell levels left.
You knew the following spells:

 Your Spells              Type           Power        Failure   Level  Hunger
a - Flame Tongue          Conj/Fire      ###..        1%          1    None
b - Conjure Flame         Conj/Fire      ###.....     4%          3    ###....
c - Sticky Flame          Conj/Fire      ###.....     14%         4    ####...
d - Fireball              Conj/Fire      ###.......   36%         5    ######.


Dungeon Overview and Level Annotations

Branches:
Dungeon (4/15)
 Temple: D:4-7

Altars:


Message History

It is a scroll of identify.
f - 4 scrolls of fog Something hits you but does no damage.
The orc misses you.
Unknown command.
As you read the scroll of fog, it crumbles to dust.
The scroll dissolves into smoke.
You hear some strange, mumbled words.
A magic dart appears from out of thin air!
The magic dart hits you!
* * * LOW HITPOINT WARNING * * *
It was a potion of might.
You feel very mighty all of a sudden. The orc hits you with a club.
* * * LOW HITPOINT WARNING * * *
You block something's attack.
As you read the scroll labeled ELICEO BEYMIAL, it crumbles to dust.
It is a scroll of enchant armour.
Your +0 buckler glows green for a moment.
The orc hits you with a club.
You die...

#...o....##.##.....##
#.##)###.##.###...##
#.##.###.##.# ##+##
#.##.o...##.# #.#
#.....)..##.# #.#
####.)#####.# ##.##
###
#.o......###...####..
##.###§..............
#.#@{§..###...####..
#.#o###.# ##.## ##.
#.§§# #.# #.# ##
###.# #.# #<# #.....#
#.# ####### #.# #.#
### #.# ##.## #.#


You could see an orc.

Vanquished Creatures
  An ice beast (D:4)
  2 ogres
  3 phantoms (D:4)
  A scorpion (D:4)
  2 jellies (D:2)
  4 orc priests
  3 hounds (D:4)
  4 orc wizards
  2 iguanas (D:4)
  3 adders
  A gnoll (D:4)
  8 oozes (D:2)
  An adder skeleton (D:4)
  2 worms
  A dart slug (D:3)
  2 leopard geckos (D:3)
  13 orcs
  A ball python (D:4)
  9 bats
  3 giant cockroaches
  10 goblins
  16 hobgoblins
  11 jackals
  13 kobolds
  4 quokkas
  5 frilled lizards
  A jackal skeleton (D:4)
  8 rats
  A fungus (D:2)
135 creatures vanquished.

Vanquished Creatures (others)
  5 fungi (D:2)
  10 toadstools (D:2)
15 creatures vanquished.

Grand Total: 150 creatures vanquished

Notes
Turn   | Place    | Note
-------+----------+-------------------------------------------
     0 | D:1      | shakethe the Hill Orc Fire Elementalist began the quest for the Orb.
     0 | D:1      | Reached XP level 1. HP: 14/14 MP: 3/3
   612 | D:1      | Reached XP level 2. HP: 20/20 MP: 1/4
  1156 | D:1      | Reached XP level 3. HP: 20/26 MP: 1/5
  1851 | D:1      | You fall through a shaft!
  2297 | D:2      | Reached skill level 1 in Shields
  2300 | D:2      | Reached XP level 4. HP: 30/33 MP: 3/7
  2523 | D:2      | Reached skill level 4 in Fire Magic
  2828 | D:2      | Reached XP level 5. HP: 38/38 MP: 3/8
  3573 | D:3      | Noticed an ogre
  3600 | D:2      | Learned a level 3 spell: Conjure Flame
  3606 | D:2      | Learned a level 4 spell: Sticky Flame
  4042 | D:2      | Killed an ogre
  4042 | D:2      | Reached XP level 6. HP: 24/45 MP: 1/10
  4220 | D:3      | Identified a +0 pair of boots of running (You found it on level 3 of the Dungeon)
  4318 | D:3      | Found a faded altar of an unknown god.
  4667 | D:3      | Reached skill level 5 in Fire Magic
  5203 | D:4      | Noticed a phantom
  5367 | D:4      | Reached XP level 7. HP: 46/50 MP: 6/11
  6396 | D:4      | Learned a level 5 spell: Fireball
  6581 | D:4      | Reached XP level 8. HP: 57/57 MP: 9/13
  7049 | D:4      | Reached skill level 6 in Fire Magic
  7199 | D:4      | Reached skill level 5 in Conjurations
  7328 | D:4      | HP: 2/57 [orc/club (3)]
  7329 | D:4      | Slain by an orc

Skill      XL: |  1  2  3  4  5  6  7  8 |
---------------+-------------------------+-----
Spellcasting   | 2 3 4 |  4.2
Conjurations   | 2 3 4 5 |  5.1
Shields        | 1 2 3 4 |  4.0
Fire Magic     | 4 5 6 |  6.6
Dodging        | |  1.5
Stealth        | |  1.5

Action                   |  1- 3 |  4- 6 |  7- 9 || total
-------------------------+-------+-------+-------++-------
Melee: Club              |    62 |    84 |       ||   146
       Unarmed           |     9 |       |       ||     9
       Hand axe          |       |    14 |    34 ||    48
 Cast: Flame Tongue      |    46 |   121 |   111 ||   278
       Conjure Flame     |       |     1 |     4 ||     5
  Use: Scroll            |       |     1 |     3 ||     4
       Potion            |       |       |     1 ||     1
  Eat: Chunk             |     3 |     9 |     3 ||    15
       Ration            |     1 |       |     1 ||     2
Armor: Robe              |    19 |    26 |    15 ||    60
Dodge: Dodged            |    72 |    87 |    43 ||   202
Block: Buckler           |    11 |    30 |    14 ||    55
